 Dungeon Crawl Stone Soup version 0.31-a0-210-gccc998df9b (webtiles) character file.

Game seed: 14853767187826014546

125686 qw the Marksgargoyle (level 16, 0/108 HPs)
             Began as a Gargoyle Hexslinger on June 29, 2023.
             Was an Elder of Okawaru.
             Slain by a culicivora (15 damage)
             ... on level 1 of the Spider Nest.
             The game lasted 00:11:57 (22067 turns).

qw the Marksgargoyle (Gargoyle Hexslinger)         Turns: 22067, Time: 00:11:58

Health: 0/108      AC: 36    Str: 12    XL:     16   Next: 96%
Magic:  23/23      EV: 11    Int: 10    God:    Okawaru [****..]
Gold:   765        SH:  0    Dex: 28    Spells: 16/17 levels left

rFire   + . .        s - +4 longbow (flame)
rCold   + + .        (shield currently unavailable)
rNeg    + . .        a - quicksilver dragon scales
rPois   inf          k - +1 helmet of Refuge {Slay+3}
rElec   +            p - +2 cloak
rCorr   .            r - +1 pair of gloves
SInv    .            q - +1 pair of boots
Will    ++...        n - amulet of faith
Stlth   +++          w - ring of Bacuf {rPois rC+++ Str-5 Int-3 Slay+4}
HPRegen 0.38/turn    y - ring of Ebbul {+Blink rF+ rC- Str+4 Dex+6}
MPRegen 0.18/turn

%: faith
@: about to teleport, heroic, flying, held
A: sickness immunity, AC +12, big wings, negative energy resistance 1,
electricity resistance, torment resistance 1, petrification resistance, hooves
1, agile 1, deformed body
a: Renounce Religion, Evoke Blink, Heroism, Finesse


You were on level 1 of the Spider Nest.
You worshipped Okawaru.
Okawaru was greatly pleased with you.
You visited 5 branches of the dungeon, and saw 24 of its levels.

You collected 3657 gold pieces.
You spent 2892 gold pieces at shops.


Innate Abilities, Weirdness & Mutations

You are immune to sickness and miasma.
Your stone body is resilient. (AC +12)
You are immune to poison.
Your large and strong wings let you fly.
You resist negative energy. (rN+)
You are resistant to electric shocks. (rElec)
You are resistant to unholy torment.
You are immune to petrification.
You have large cloven feet.
You are agile. (Dex +4, Str/Int -1)
Armour fits poorly on your strangely shaped body.


   Skills:
 - Level 15.4(20.4) Fighting
 - Level 20.0(25.0) Ranged Weapons
 - Level 13.0(18.0) Armour
 + Level 8.3(13.3) Dodging
 - Level 1.0 Spellcasting
 - Level 2.6 Hexes
 - Level 10.0 Invocations


You had 16 spell levels left.
You knew the following spells:

 Your Spells              Type           Power      Damage    Failure   Level
a - Slow                  Hex            20%        N/A       19%         1

Your spell library contained the following spells:

 Spells                   Type           Power      Damage    Failure   Level
 Inner Flame              Hex/Fire       3%         N/A       67%         3
 Portal Projectile        Hex/Tloc       6%         N/A       67%         3
 Cause Fear               Hex            2%         N/A       88%         4

Inventory:

Hand Weapons
 s - a +4 longbow of flaming (weapon)
Armour
 a - quicksilver dragon scales (worn)
 k - the +1 helmet of Refuge (worn) {Slay+3}
   (You found it on level 3 of the Dungeon)

   Slay:      It affects your accuracy & damage with ranged weapons and melee
   (+3).
 p - a +2 cloak (worn)
 q - a +1 pair of boots (worn)
 r - a +1 pair of gloves (worn)
 t - the +1 ring mail of Agoraphobia {rF+ Str-3 Stlth+}
   (Okawaru gifted it to you on level 3 of the Lair of Beasts)

   Str:       It affects your strength (-3).
   rF:        It protects you from fire.
   Stlth:     It makes you more stealthy.
Jewellery
 n - an amulet of faith (around neck)
 o - the amulet of Hard Scrabble {Faith Harm *Corrode Fly Will++}
   (You bought it in a shop on level 2 of the Orcish Mines)

   [amulet of faith]

   It allows you to gain divine favour quickly.
   Fly:       It grants you flight.
   *Corrode:  It may corrode you when you take damage.
   Harm:      It increases damage dealt and taken.
   Will:      It greatly increases your willpower.
 w - the ring of Bacuf (left hand) {rPois rC+++ Str-5 Int-3 Slay+4}
   (You found it on level 15 of the Dungeon)

   [ring of poison resistance]

   Str:       It affects your strength (-5).
   Int:       It affects your intelligence (-3).
   Slay:      It affects your accuracy & damage with ranged weapons and melee
   (+4).
   rC:        It renders you almost immune to cold.
   rPois:     It protects you from poison.
 x - an amulet of reflection
 y - the ring of Ebbul (right hand) {+Blink rF+ rC- Str+4 Dex+6}
   (You bought it in a shop on level 2 of the Orcish Mines)

   [ring of dexterity]

   Str:       It affects your strength (+4).
   Dex:       It affects your dexterity (+6).
   rF:        It protects you from fire.
   rC:        It makes you vulnerable to cold.
   +Blink:    It lets you blink.
 Y - a +5 ring of evasion
Wands
 l - a wand of digging (32)
Scrolls
 c - 11 scrolls of identify
 f - 13 scrolls of teleportation
Potions
 b - 4 potions of might
 d - 9 potions of curing
 e - 3 potions of haste
 g - 3 potions of magic
 h - 5 potions of mutation
 j - 5 potions of enlightenment
 v - 2 potions of heal wounds

Dungeon Overview and Level Annotations

Branches:
Dungeon (15/15)            Temple (1/1) D:6            Lair (5/5) D:9
  Swamp (0/4) Lair:2       Spider (1/4) Lair:2        Slime (0/5) Lair:5
    Orc (2/2) D:12            Elf (0/3) Orc:2        Vaults (0/5) D:13
 Depths (0/4) D:15

Altars:
Ashenzari
Cheibriados
Dithmenos
Elyvilon
Fedhas
Gozag
Hepliaklqana
Kikubaaqudgha
Makhleb
Nemelex Xobeh
Okawaru
Qazlal
Ru
Sif Muna
Trog
Uskayaw
Vehumet
Wu Jian
Xom
Yredelemnul
Zin
The Shining One

Shops:
D:6 (   D:8 ?   Orc:2 [=:*

Portals:
Abyss: Lair:2

Annotations:
D:8 exclusion: 2 killer bees
D:12 3 runed translucent doors, BraveToast's ghost, journeyman FoFi
D:15 3 runed translucent doors
Lair:2 2 transporters, qw's ghost, journeyman GrFi
Spider:1 Aizul; Roxanne
Orc:2 1 runed translucent door, qw's ghost, adept GrFi


Message History

The redback bites you but does no damage.
You shoot an arrow. The arrow hits Aizul.
The arrow burns Aizul.
Aizul is lightly wounded.
The redback bites you but does no damage.
The jumping spider pounces on you but does no damage.
The jumping spider completely misses you.
The culicivora bites you but does no damage.
The redback completely misses you. Aizul hits you but does no damage.
The culicivora misses you.
You shoot an arrow. The arrow closely misses Aizul.
A broodmother comes into view.
The redback completely misses you. The jumping spider pounces on you!
The jumping spider misses you.
The culicivora bites you but does no damage.
Aizul misses you. The culicivora closely misses you.
The redback bites you but does no damage.
You shoot an arrow. The arrow barely misses Aizul.
The broodmother's many legs skitter.
The redback barely misses you. The jumping spider misses you. x2
The culicivora completely misses you. The redback bites you!
The culicivora bites you. Aizul hits you but does no damage.
The broodmother summons a spider!
22067 ||| READING 14 scrolls of teleportation.
As you read the scroll of teleportation, it crumbles to dust.
You feel strangely unstable.
The redback bites you but does no damage.
The jumping spider completely misses you.
The jumping spider bites you but does no damage.
The culicivora bites you but does no damage.
The redback bites you but does no damage.
The culicivora barely misses you.
The jumping spider leaps!
Aizul completely misses you. The jumping spider pounces on you.
You are caught in a web!
The jumping spider misses you.
The culicivora bites you but does no damage.
The redback bites you but does no damage.
Aizul screams, "I'll haunt your nightmares!"
Aizul hits you.
The redback bites you but does no damage.
The culicivora bites you!
You die...

### .## #.# .. #
##... .. ..
##.... .#. .
##.^#.#..^#..
##.....#.#..#.
##...#.ss0....#
#..8..#@syZ#.#
#.....Ssss..#
#.....#.ZZ$#.$..
..... .#.#......
#.#^ s..#......#
#.. .... #....s.
.. .#... ...s#.
. ....#. ....
..##. ...


You could see Aizul, a broodmother, a spark wasp, 2 culicivoras, 4 jumping
spiders, 2 redbacks, a boulder beetle simulacrum, a wolf spider simulacrum and a
culicivora simulacrum.

Vanquished Creatures
  Rupert (Lair:5)
  An orc warlord (Orc:1)
  Nessos (Lair:4)
  Snorg (Orc:1)
  Josephine (D:13)
  4 fire dragons
  An ettin (Orc:2)
  Erolcha (D:11)
  An ice dragon (D:15)
  3 vault guards (D:13)
  10 hydras
  8 centaur warriors
  3 ogre magi (D:15)
  A catoblepas (D:12)
  5 boulder beetles
  A death knight (D:14)
  17 two-headed ogres
  Erica (D:11)
  17 death yaks
  5 tengu warriors
  A demonic crawler (Spider:1)
  Urug (D:11)
  A vampire mage (D:11)
  3 orc high priests (Orc:2)
  4 skysharks
  A skeletal warrior (D:14)
  A pharaoh ant (Spider:1)
  An orb spider (Lair:2)
  2 wizards
  A bog body (Lair:2)
  2 deep elf pyromancers (D:13)
  A deep elf zephyrmancer (D:10)
  7 orc knights
  8 orc sorcerers
  3 harpies (D:12)
  5 ugly things
  A wolf spider (Spider:1)
  6 cyclopes
  A manticore (D:15)
  4 black mambas
  7 elephants
  A torpor snail (Lair:4)
  19 cane toads
  3 unseen horrors
  Psyche (D:12)
  A cane toad (shapeshifter) (D:10)
  2 gargoyles
  13 komodo dragons
  A yaktaur (D:13)
  A kobold demonologist (D:10)
  A freezing wraith (D:14)
  2 efreet
  2 rime drakes
  3 tengu conjurers
  3 meliai (D:14)
  2 polar bears
  10 trolls
  2 hornets
  2 tyrant leeches (Lair:5)
  A blink frog (shapeshifter) (D:13)
  3 dream sheep (Lair:5)
  12 blink frogs
  A centaur simulacrum (D:14)
  2 shadows (D:10)
  A culicivora (Spider:1)
  7 vampires (D:11)
  9 slime creatures
  12 basilisks
  A human (D:13)
  6 wraiths
  10 wyverns
  47 yaks
  A basilisk (shapeshifter) (D:15)
  10 vampire mosquitoes
  Grum (D:11)
  2 wargs
  3 acid dragons
  10 water moccasins
  A swamp drake (D:9)
  2 ice beasts (D:7)
  5 large abominations (D:15)
  24 orc warriors
  A black bear (D:6)
  13 ogres
  A boggart (D:10)
  19 wolves
  10 centaurs
  6 kobold brigands
  21 bullfrogs
  5 gnoll sergeants
  4 scorpions
  A water moccasin zombie (D:5)
  13 wights
  14 killer bees
  9 howler monkeys
  5 electric eels
  A centaur zombie (D:5)
  2 jellies
  A bullfrog zombie (D:5)
  An iron imp (D:5)
  2 gnoll boudas
  15 orc priests
  5 hounds
  7 small abominations (D:15)
  An iguana (D:4)
  A scorpion zombie (D:5)
  26 orc wizards
  2 hound zombies (D:5)
  17 gnolls
  3 adders
  An ufetubus (D:6)
  3 worms
  2 dart slugs (D:3)
  54 orcs
  5 bats
  8 endoplasms
  3 giant cockroaches
  7 goblins
  10 hobgoblins
  10 jackals
  11 kobolds
  2 quokkas
  5 ball pythons
  2 frilled lizards (D:1)
  5 rats
718 creatures vanquished.

Vanquished Creatures (others)
  A redback (Spider:1)
  A gnoll (D:12)
2 creatures vanquished.

Grand Total: 720 creatures vanquished

Notes
Turn   | Place    | Note
-------+----------+-------------------------------------------
     0 | D:1      | qw the Gargoyle Hexslinger began the quest for the Orb.
     0 | D:1      | Reached XP level 1. HP: 12/12 MP: 2/2
     0 | D:1      | 0 ||| qw: Version: 0.3-a-24-g62f9e04
     0 | D:1      | 0 ||| qw: Game counter: 6651
     0 | D:1      | 0 ||| qw: Melee chars always use a shield: true
     0 | D:1      | 0 ||| qw: God list: Okawaru
     0 | D:1      | 0 ||| qw: Allow faded altars: false
     0 | D:1      | 0 ||| qw: Do Orc after clearing Dungeon:15 true
     0 | D:1      | 0 ||| qw: Do second Lair branch before Depths: true
     0 | D:1      | 0 ||| qw: Lair rune preference: random
     0 | D:1      | 0 ||| qw: Goals: Normal
     0 | D:1      | 0 ||| PLANNING D:1-11
    51 | D:1      | Found a faded altar of an unknown god.
   227 | D:1      | Reached XP level 2. HP: 16/16 MP: 3/3
   501 | D:1      | Reached skill level 3 in Ranged Weapons
   506 | D:1      | 506 ||| UPGRADING to +0 cloak.
   513 | D:1      | 513 ||| UPGRADING to +0 ring mail.
   523 | D:1      | 523 ||| DROPPING +0 robe.
   841 | D:1      | 841 ||| UPGRADING to +4 ring of protection.
   842 | D:1      | 842 ||| READING scroll labelled COW RAOMIQINT.
   843 | D:1      | 843 ||| READING scroll labelled INANEC ZIKUWK.
   844 | D:1      | 844 ||| DRINKING 2 ruby potions.
   845 | D:1      | 845 ||| DROPPING scroll of poison.
   866 | D:2      | Reached XP level 3. HP: 21/21 MP: 4/4
  1146 | D:2      | Reached skill level 1 in Armour
  1244 | D:2      | 1244 ||| UPGRADING to quicksilver dragon scales.
  1254 | D:2      | 1254 ||| DROPPING +0 ring mail.
  1255 | D:2      | 1255 ||| UPGRADING to ring of positive energy.
  1256 | D:2      | 1256 ||| READING 2 scrolls labelled GAIRPH ULIE.
  1257 | D:2      | 1257 ||| READING 2 scrolls labelled ELO ERIUSCHAEQ.
  1260 | D:2      | 1260 ||| DRINKING 2 white potions.
  1512 | D:3      | Reached XP level 4. HP: 26/26 MP: 5/5
  1679 | D:3      | HP: 5/26 [orc priest/divine providence (11)]
  1680 | D:3      | 1680 ||| READING 3 scrolls of teleportation.
  1681 | D:3      | 1681 ||| DRINKING potion of heal wounds.
  1777 | D:3      | Reached skill level 4 in Ranged Weapons
  2081 | D:3      | Identified the +1 helmet of Refuge {Slay+3}
  2211 | D:3      | 2211 ||| UPGRADING to +1 helmet of Refuge {Slay+3}.
  2216 | D:3      | 2216 ||| READING scroll labelled JULOUX IWICVIMP.
  2317 | D:3      | 2317 ||| DRINKING 2 metallic green potions.
  2317 | D:3      | Gained mutation: You have large cloven feet. [potion of
                  | mutation]
  2317 | D:3      | Gained mutation: Armour fits poorly on your strangely
                  | shaped body. [potion of mutation]
  2317 | D:3      | Gained mutation: You are agile. (Dex +4, Str/Int -1)
                  | [potion of mutation]
  2318 | D:3      | 2318 ||| DRINKING 2 puce potions.
  2343 | D:3      | 2343 ||| READING 2 scrolls of identify.
  2343 | D:3      | 2343 ||| IDENTIFYING yellow potion
  2344 | D:3      | 2344 ||| DROPPING potion of lignification.
  2479 | D:4      | Reached XP level 5. HP: 30/30 MP: 6/6
  2586 | D:4      | 2586 ||| READING scroll of enchant weapon.
  2586 | D:4      | 2586 ||| ENCHANTING +2 sling.
  3144 | D:4      | 3144 ||| READING scroll labelled SEQEEZ KERU.
  3145 | D:4      | 3145 ||| READING 2 scrolls of identify.
  3145 | D:4      | 3145 ||| IDENTIFYING fizzy ruby potion
  3179 | D:5      | Entered Level 5 of the Dungeon
  3197 | D:5      | Reached skill level 5 in Ranged Weapons
  3197 | D:5      | Reached XP level 6. HP: 19/35 MP: 7/7
  3312 | D:5      | Found an ornate altar of the Wu Jian Council.
  3386 | D:5      | Found a white marble altar of Elyvilon.
  3453 | D:5      | Found a basalt altar of Yredelemnul.
  3461 | D:5      | Reached skill level 3 in Fighting
  3509 | D:5      | 3509 ||| Stepping ~*~*~tactically~*~*~ (outnumbered).
  3516 | D:5      | Reached skill level 6 in Ranged Weapons
  3516 | D:5      | 3516 ||| Stepping ~*~*~tactically~*~*~ (outnumbered).
  3528 | D:5      | Reached XP level 7. HP: 24/42 MP: 8/8
  3546 | D:5      | 3546 ||| FLEEEEING.
  3547 | D:5      | 3547 ||| FLEEEEING.
  3549 | D:5      | 3549 ||| FLEEEEING.
  3550 | D:5      | 3550 ||| FLEEEEING.
  3551 | D:5      | 3551 ||| FLEEEEING.
  3552 | D:5      | 3552 ||| FLEEEEING.
  3553 | D:5      | 3553 ||| FLEEEEING.
  3554 | D:5      | 3554 ||| FLEEEEING.
  3555 | D:5      | 3555 ||| STAIRDANCE
  3637 | D:4      | 3637 ||| READING scroll labelled TUF POXIL.
  3642 | D:5      | 3642 ||| STAIRDANCE
  3854 | D:5      | Reached skill level 7 in Ranged Weapons
  4099 | D:5      | Found a snail-covered altar of Cheibriados.
  4184 | D:5      | 4184 ||| UPGRADING to +4 ring of slaying {mikee}.
  4186 | D:5      | 4186 ||| DROPPING ring of see invisible.
  4187 | D:5      | 4187 ||| DROPPING ring of positive energy.
  4188 | D:5      | 4188 ||| READING scroll labelled LAXAIB FOIGOTZURU.
  4221 | D:6      | Reached skill level 3 in Armour
  4313 | D:6      | Reached XP level 8. HP: 35/48 MP: 9/9
  4320 | D:6      | Reached skill level 8 in Ranged Weapons
  4400 | D:6      | Found Vasuddac's Antique Weapon Shoppe.
  4403 | D:6      | 4403 ||| BUYING orcbow (98 gold).
  4403 | D:6      | Bought an orcbow for 98 gold pieces
  4403 | D:6      | 4403 ||| SWAPPING to +0 orcbow.
  4404 | D:6      | 4404 ||| DROPPING +3 sling.
  4695 | D:6      | Found a staircase to the Ecumenical Temple.
  4696 | D:6      | 4696 ||| PLANNING TEMPLE
  4937 | D:6      | Identified the +6 dagger of Puschi Qemu {antimagic, rF++}
  5088 | D:6      | 5088 ||| READING scroll labelled HUKAAX QYEDIPS.
  5089 | D:6      | 5089 ||| READING scroll labelled OGITRE MELECSANYZ.
  5090 | D:6      | 5090 ||| READING 2 scrolls of identify.
  5090 | D:6      | 5090 ||| IDENTIFYING viscous black potion
  5091 | D:6      | 5091 ||| DROPPING potion of degeneration.
  5131 | D:7      | 5131 ||| STAIRDANCE
  5138 | Temple   | Entered the Ecumenical Temple
  5144 | Temple   | 5144 ||| PLANNING OKAWARU WORSHIP
  5185 | Temple   | Became a worshipper of Warmaster Okawaru
  5186 | Temple   | 5186 ||| PLANNING D:1-11
  5345 | D:7      | Found a bloodstained altar of Trog.
  5360 | D:7      | Noticed a troll
  5364 | D:7      | Killed a troll
  5365 | D:7      | Reached skill level 9 in Ranged Weapons
  5365 | D:7      | Reached XP level 9. HP: 54/54 MP: 10/10
  5467 | D:7      | Reached * piety under Okawaru
  5480 | D:7      | Reached skill level 1 in Invocations
  5486 | D:7      | Reached skill level 6 in Fighting
  5491 | D:7      | Found a flagged portal.
  5536 | D:7      | Found a hazy altar of Hepliaklqana.
  5696 | D:7      | Found a stormy altar of Qazlal.
  5985 | D:8      | Found Zixyerhi's Magic Scroll Boutique.
  5993 | D:8      | 5993 ||| BUYING scroll of enchant armour (120 gold).
  5993 | D:8      | Bought a scroll of enchant armour for 120 gold pieces
  5993 | D:8      | 5993 ||| BUYING scroll of identify (32 gold).
  5993 | D:8      | Bought a scroll of identify for 32 gold pieces
  5993 | D:8      | 5993 ||| BUYING scroll of identify (32 gold).
  5993 | D:8      | Bought a scroll of identify for 32 gold pieces
  5993 | D:8      | 5993 ||| BUYING scroll of identify (32 gold).
  5993 | D:8      | Bought a scroll of identify for 32 gold pieces
  5993 | D:8      | 5993 ||| BUYING scroll of identify (32 gold).
  5993 | D:8      | Bought a scroll of identify for 32 gold pieces
  5993 | D:8      | 5993 ||| READING scroll of enchant armour.
  5993 | D:8      | 5993 ||| ENCHANTING +0 cloak.
  6060 | D:8      | 6060 ||| READING scroll labelled BIAR LONENNEF.
  6167 | D:8      | Found a sparkling altar of Nemelex Xobeh.
  6213 | D:8      | Reached skill level 3 in Invocations
  6444 | D:8      | Reached ** piety under Okawaru
  6445 | D:8      | Reached skill level 10 in Ranged Weapons
  6496 | D:8      | 6496 ||| UPGRADING to +2 cloak.
  6506 | D:8      | 6506 ||| DROPPING +1 cloak.
  6507 | D:8      | 6507 ||| UPGRADING to amulet of faith.
  6512 | D:8      | 6512 ||| DROPPING ring of magical power.
  6513 | D:8      | 6513 ||| READING 6 scrolls of identify.
  6513 | D:8      | 6513 ||| IDENTIFYING golden potion
  6604 | D:9      | 6604 ||| INVOKING Heroism.
  6613 | D:9      | Reached skill level 3 in Dodging
  6735 | D:9      | Found a shadowy altar of Dithmenos.
  6736 | D:9      | 6736 ||| INVOKING Heroism.
  6894 | D:9      | 6894 ||| INVOKING Heroism.
  6956 | D:9      | Found a burning altar of Makhleb.
  6957 | D:9      | Noticed a hornet
  6963 | D:9      | Killed a hornet
  7139 | D:9      | Reached XP level 10. HP: 63/63 MP: 13/13
  7263 | D:9      | 7263 ||| INVOKING Heroism.
  7283 | D:9      | 7283 ||| INVOKING Heroism.
  7312 | D:9      | Reached skill level 11 in Ranged Weapons
  7330 | D:9      | 7330 ||| INVOKING Heroism.
  7434 | D:9      | Found a staircase to the Lair.
  7590 | D:9      | 7590 ||| PLANNING LAIR
  7590 | D:9      | 7590 ||| UPGRADING to +0 pair of boots.
  7595 | D:9      | 7595 ||| READING scroll of enchant armour.
  7595 | D:9      | 7595 ||| ENCHANTING +0 pair of boots.
  7596 | D:9      | 7596 ||| READING 2 scrolls labelled ICIFYE ULAYGA.
  7597 | D:9      | 7597 ||| DROPPING scroll of fog.
  7722 | Lair:1   | Entered Level 1 of the Lair of Beasts
  7743 | Lair:1   | 7743 ||| READING scroll of enchant weapon.
  7743 | Lair:1   | 7743 ||| ENCHANTING +0 orcbow.
  7783 | Lair:1   | 7783 ||| INVOKING Heroism.
  7807 | Lair:1   | Noticed a cane toad
  7808 | Lair:1   | 7808 ||| INVOKING Heroism.
  7813 | Lair:1   | Killed a cane toad
  7814 | Lair:1   | Reached skill level 6 in Armour
  7824 | Lair:1   | Reached *** piety under Okawaru
  7832 | Lair:1   | 7832 ||| INVOKING Heroism.
  7844 | Lair:1   | Reached skill level 12 in Ranged Weapons
  7972 | Lair:1   | Noticed a cane toad
  7973 | Lair:1   | 7973 ||| INVOKING Heroism.
  7988 | Lair:1   | Killed a cane toad
  7989 | Lair:1   | Reached XP level 11. HP: 48/68 MP: 12/14
  7997 | Lair:1   | Reached **** piety under Okawaru
  8001 | Lair:1   | 8001 ||| INVOKING Heroism.
  8014 | Lair:1   | Reached skill level 13 in Ranged Weapons
  8163 | Lair:1   | 8163 ||| INVOKING Heroism.
  8246 | Lair:1   | 8246 ||| INVOKING Heroism.
  8690 | Lair:1   | 8690 ||| READING scroll labelled SIHAUS KAUCA.
  8691 | Lair:1   | 8691 ||| READING 5 scrolls of identify.
  8691 | Lair:1   | 8691 ||| IDENTIFYING bubbling brown potion
  8692 | Lair:1   | 8692 ||| DROPPING potion of ambrosia.
  8718 | Lair:2   | Noticed an eight-headed hydra
  8718 | Lair:2   | Noticed a six-headed hydra
  8719 | Lair:2   | 8719 ||| INVOKING Heroism.
  8725 | Lair:2   | Noticed a five-headed hydra
  8727 | Lair:2   | Killed an eight-headed hydra
  8728 | Lair:2   | Reached skill level 9 in Fighting
  8737 | Lair:2   | Killed a six-headed hydra
  8737 | Lair:2   | Reached ***** piety under Okawaru
  8737 | Lair:2   | Received a gift from Okawaru
  8745 | Lair:2   | Killed a five-headed hydra
  8746 | Lair:2   | Reached skill level 6 in Invocations
  8752 | Lair:2   | 8752 ||| INVOKING Heroism.
  8963 | Lair:2   | Noticed a bog body
  8967 | Lair:2   | Found a staircase to the Swamp.
  8970 | Lair:2   | Killed a bog body
  8989 | Lair:2   | Noticed a skyshark
  8998 | Lair:2   | 8998 ||| INVOKING Heroism.
  9004 | Lair:2   | Killed a skyshark
  9095 | Lair:2   | Noticed a hell hog
  9096 | Lair:2   | Noticed a spriggan rider
  9101 | Lair:2   | Noticed a large abomination
  9105 | Lair:2   | Found a transporter.
  9113 | Lair:2   | Noticed a cyan ugly thing
  9114 | Lair:2   | Noticed a green ugly thing
  9156 | Lair:2   | 9156 ||| DROPPING amulet of guardian spirit.
  9167 | Lair:2   | 9167 ||| READING 4 scrolls of identify.
  9167 | Lair:2   | 9167 ||| IDENTIFYING metallic red potion
  9311 | Lair:2   | Reached XP level 12. HP: 74/76 MP: 17/17
  9364 | Lair:2   | Found a broken altar of Ashenzari.
  9490 | Lair:2   | Noticed a boulder beetle
  9491 | Lair:2   | 9491 ||| INVOKING Heroism.
  9492 | Lair:2   | 9492 ||| INVOKING Finesse.
  9501 | Lair:2   | Killed a boulder beetle
  9510 | Lair:2   | 9510 ||| Stepping ~*~*~tactically~*~*~ (outnumbered).
  9516 | Lair:2   | Received a gift from Okawaru
  9716 | Lair:2   | Found a hole to the Spider Nest.
  9717 | Lair:2   | 9717 ||| INVOKING Finesse.
  9723 | Lair:2   | Reached skill level 14 in Ranged Weapons
  9723 | Lair:2   | Reached skill level 9 in Invocations
  9812 | Lair:2   | Found a transporter.
  9818 | Lair:2   | Found a one-way gate to the infinite horrors of the Abyss.
  9818 | Lair:2   | Noticed qw's ghost (journeyman GrFi)
  9912 | Lair:2   | Noticed a skyshark
  9959 | Lair:2   | 9959 ||| UPGRADING to +0 pair of gloves.
  9964 | Lair:2   | 9964 ||| READING 4 scrolls of identify.
  9964 | Lair:2   | 9964 ||| IDENTIFYING fuming inky potion
  9965 | Lair:2   | 9965 ||| DROPPING potion of attraction.
  9998 | Lair:3   | Noticed a death yak
  9999 | Lair:3   | 9999 ||| INVOKING Heroism.
  9999 | Lair:3   | Noticed a death yak
 10000 | Lair:3   | 10000 ||| INVOKING Finesse.
 10000 | Lair:3   | Noticed a death yak
 10005 | Lair:3   | Noticed a death yak
 10013 | Lair:3   | Killed a death yak
 10025 | Lair:3   | Killed a death yak
 10032 | Lair:3   | Killed a death yak
 10041 | Lair:3   | Killed a death yak
 10134 | Lair:3   | 10134 ||| FLEEEEING.
 10135 | Lair:3   | 10135 ||| STAIRDANCE
 10178 | Lair:2   | 10178 ||| READING scroll labelled KITOXT UBBINAPEIC.
 10311 | Lair:3   | Received a gift from Okawaru
 10316 | Lair:3   | 10316 ||| SWAPPING to +2 arbalest of flaming.
 10317 | Lair:3   | 10317 ||| DROPPING +1 orcbow.
 10612 | Lair:3   | Noticed a death yak
 10613 | Lair:3   | 10613 ||| INVOKING Heroism.
 10614 | Lair:3   | 10614 ||| INVOKING Finesse.
 10617 | Lair:3   | Killed a death yak
 10618 | Lair:3   | Noticed a death yak
 10620 | Lair:3   | Noticed a death yak
 10629 | Lair:3   | Killed a death yak
 10629 | Lair:3   | Noticed a death yak
 10630 | Lair:3   | Reached XP level 13. HP: 82/82 MP: 13/20
 10634 | Lair:3   | Reached skill level 15 in Ranged Weapons
 10653 | Lair:3   | Reached skill level 9 in Armour
 10654 | Lair:3   | Identified the +1 ring mail of Agoraphobia {rF+ Str-3
                  | Stlth+} (Okawaru gifted it to you on level 3 of the Lair of
                  | Beasts)
 10654 | Lair:3   | Received a gift from Okawaru
 11012 | Lair:3   | 11012 ||| READING 4 scrolls of identify.
 11012 | Lair:3   | 11012 ||| IDENTIFYING brown potion
 11013 | Lair:3   | 11013 ||| DROPPING potion of brilliance.
 11064 | Lair:4   | 11064 ||| STAIRDANCE
 11182 | Lair:4   | 11182 ||| INVOKING Heroism.
 11258 | Lair:4   | 11258 ||| INVOKING Heroism.
 11471 | Lair:4   | 11471 ||| INVOKING Heroism.
 11472 | Lair:4   | 11472 ||| INVOKING Finesse.
 11492 | Lair:4   | Reached skill level 16 in Ranged Weapons
 11623 | Lair:4   | Noticed Nessos
 11624 | Lair:4   | 11624 ||| INVOKING Finesse.
 11629 | Lair:4   | Killed Nessos
 11662 | Lair:4   | 11662 ||| SWAPPING to +3 longbow of flaming.
 11663 | Lair:4   | 11663 ||| DROPPING +2 arbalest of flaming.
 12016 | Lair:5   | Entered Level 5 of the Lair of Beasts
 12030 | Lair:5   | 12030 ||| INVOKING Heroism.
 12042 | Lair:5   | Received a gift from Okawaru
 12136 | Lair:5   | 12136 ||| INVOKING Heroism.
 12169 | Lair:5   | Gained mutation: Your large and strong wings let you fly.
                  | [Gargoyle growth]
 12169 | Lair:5   | Reached XP level 14. HP: 90/90 MP: 21/21
 12198 | Lair:5   | 12198 ||| INVOKING Heroism.
 12206 | Lair:5   | Reached skill level 17 in Ranged Weapons
 12225 | Lair:5   | Found a staircase to the Slime Pits.
 12273 | Lair:5   | Noticed Rupert
 12274 | Lair:5   | 12274 ||| INVOKING Heroism.
 12277 | Lair:5   | 12277 ||| INVOKING Finesse.
 12290 | Lair:5   | Killed Rupert
 12374 | Lair:5   | 12374 ||| INVOKING Heroism.
 12484 | Lair:5   | Received a gift from Okawaru
 12493 | Lair:5   | 12493 ||| FLEEEEING.
 12527 | Lair:5   | 12527 ||| FLEEEEING.
 12528 | Lair:5   | 12528 ||| FLEEEEING.
 12529 | Lair:5   | 12529 ||| FLEEEEING.
 12532 | Lair:5   | 12532 ||| FLEEEEING.
 12533 | Lair:5   | 12533 ||| FLEEEEING.
 12534 | Lair:5   | 12534 ||| FLEEEEING.
 12535 | Lair:5   | 12535 ||| FLEEEEING.
 12536 | Lair:5   | 12536 ||| FLEEEEING.
 12537 | Lair:5   | 12537 ||| FLEEEEING.
 12538 | Lair:5   | 12538 ||| FLEEEEING.
 12539 | Lair:5   | 12539 ||| FLEEEEING.
 12540 | Lair:5   | 12540 ||| FLEEEEING.
 12541 | Lair:5   | 12541 ||| FLEEEEING.
 12542 | Lair:5   | 12542 ||| FLEEEEING.
 12543 | Lair:5   | 12543 ||| FLEEEEING.
 12544 | Lair:5   | 12544 ||| FLEEEEING.
 12545 | Lair:5   | 12545 ||| FLEEEEING.
 12546 | Lair:5   | 12546 ||| FLEEEEING.
 12547 | Lair:5   | 12547 ||| FLEEEEING.
 12548 | Lair:5   | 12548 ||| FLEEEEING.
 12549 | Lair:5   | 12549 ||| FLEEEEING.
 12550 | Lair:5   | 12550 ||| FLEEEEING.
 12551 | Lair:5   | 12551 ||| FLEEEEING.
 12552 | Lair:5   | 12552 ||| FLEEEEING.
 12553 | Lair:5   | 12553 ||| FLEEEEING.
 12554 | Lair:5   | 12554 ||| FLEEEEING.
 12555 | Lair:5   | 12555 ||| FLEEEEING.
 12556 | Lair:5   | 12556 ||| STAIRDANCE
 12560 | Lair:5   | 12560 ||| STAIRDANCE
 12564 | Lair:5   | 12564 ||| STAIRDANCE
 12566 | Lair:4   | 12566 ||| INVOKING Heroism.
 12650 | Lair:5   | 12650 ||| INVOKING Heroism.
 12653 | Lair:5   | 12653 ||| INVOKING Finesse.
 12668 | Lair:5   | Reached skill level 18 in Ranged Weapons
 13033 | Lair:5   | Identified the +7 mace of Veneitir {distort, Fly rF- Dex+8}
 13143 | Lair:5   | 13143 ||| PLANNING D:1-11
 13326 | D:10     | Entered Level 10 of the Dungeon
 13367 | D:10     | Found a hide-covered altar of Uskayaw.
 13392 | D:10     | Found a shimmering altar of Xom.
 13523 | D:10     | Received a gift from Okawaru
 13559 | D:10     | 13559 ||| DROPPING +0 heavy longbow.
 13600 | D:10     | 13600 ||| INVOKING Heroism.
 13601 | D:10     | 13601 ||| INVOKING Finesse.
 13779 | D:10     | Reached skill level 12 in Fighting
 13845 | D:10     | Found an opulent altar of Gozag.
 14141 | D:10     | 14141 ||| FLEEEEING.
 14201 | D:10     | 14201 ||| INVOKING Heroism.
 14202 | D:10     | 14202 ||| INVOKING Finesse.
 14295 | D:10     | 14295 ||| INVOKING Heroism.
 14312 | D:10     | Reached skill level 6 in Dodging
 14337 | D:10     | 14337 ||| Stepping ~*~*~tactically~*~*~ (outnumbered).
 14355 | D:10     | 14355 ||| Stepping randomly (disturbance).
 14480 | D:10     | 14480 ||| INVOKING Heroism.
 14481 | D:10     | 14481 ||| INVOKING Finesse.
 14482 | D:10     | 14482 ||| INVOKING Finesse.
 14486 | D:10     | 14486 ||| Stepping ~*~*~tactically~*~*~ (outnumbered).
 14596 | D:10     | 14596 ||| DROPPING ring of resist corrosion.
 14755 | D:11     | Noticed Urug
 14756 | D:11     | 14756 ||| INVOKING Heroism.
 14760 | D:11     | Killed Urug
 14799 | D:11     | Noticed Erica
 14800 | D:11     | 14800 ||| INVOKING Heroism.
 14803 | D:11     | Killed Erica
 14829 | D:11     | 14829 ||| READING scroll of enchant weapon.
 14829 | D:11     | 14829 ||| ENCHANTING +3 longbow of flaming.
 14852 | D:11     | Reached XP level 15. HP: 96/96 MP: 22/22
 14910 | D:11     | 14910 ||| Stepping randomly (disturbance).
 14911 | D:11     | 14911 ||| Stepping randomly (disturbance).
 14988 | D:11     | Noticed Grum
 15003 | D:11     | Killed Grum
 15195 | D:11     | Noticed Erolcha
 15197 | D:11     | Killed Erolcha
 15357 | D:11     | Found a burning altar of Makhleb.
 15605 | D:11     | 15605 ||| PLANNING D
 15638 | D:12     | Received a gift from Okawaru
 15724 | D:12     | Found a runed translucent gate.
 15724 | D:12     | Found a runed translucent gate.
 15724 | D:12     | Found a runed translucent gate.
 15725 | D:12     | Noticed BraveToast's ghost (journeyman FoFi)
 15725 | D:12     | You are sucked into a shaft and drop 1 floor!
 15739 | D:13     | Noticed Josephine
 15745 | D:13     | Killed Josephine
 15753 | D:13     | Reached skill level 19 in Ranged Weapons
 15826 | D:13     | 15826 ||| INVOKING Heroism.
 15885 | D:13     | 15885 ||| INVOKING Heroism.
 16014 | D:13     | 16014 ||| Stepping ~*~*~tactically~*~*~ (outnumbered).
 16049 | D:13     | 16049 ||| INVOKING Heroism.
 16056 | D:13     | Identified the +0 orcbow of Unreason {antimagic, Drain
                  | rElec Str+4 Int+2} (Okawaru gifted it to you on level 13 of
                  | the Dungeon)
 16056 | D:13     | Received a gift from Okawaru
 16544 | D:12     | Found a staircase to the Orcish Mines.
 16546 | D:12     | Noticed Psyche
 16552 | D:12     | 16552 ||| Stepping ~*~*~tactically~*~*~ (outnumbered).
 16559 | D:12     | 16559 ||| Stepping ~*~*~tactically~*~*~ (outnumbered).
 16564 | D:12     | Killed Psyche
 16569 | D:12     | 16569 ||| FLEEEEING.
 16656 | D:12     | 16656 ||| READING scroll of enchant armour.
 16656 | D:12     | 16656 ||| ENCHANTING +0 pair of gloves.
 16811 | D:12     | 16811 ||| Stepping ~*~*~tactically~*~*~ (outnumbered).
 16821 | D:12     | 16821 ||| INVOKING Heroism.
 17558 | D:13     | 17558 ||| INVOKING Heroism.
 17561 | D:13     | Received a gift from Okawaru
 17607 | D:13     | 17607 ||| Stepping ~*~*~tactically~*~*~ (cloud).
 17648 | D:13     | Found a gate to the Vaults.
 17649 | D:13     | 17649 ||| INVOKING Heroism.
 18037 | D:14     | 18037 ||| INVOKING Heroism.
 18040 | D:14     | 18040 ||| Stepping ~*~*~tactically~*~*~ (outnumbered).
 18048 | D:14     | Reached skill level 20 in Ranged Weapons
 18058 | D:14     | Reached XP level 16. HP: 81/104 MP: 23/23
 18191 | D:14     | 18191 ||| INVOKING Heroism.
 18311 | D:14     | Reached skill level 12 in Armour
 18576 | D:14     | 18576 ||| FLEEEEING.
 18979 | D:15     | Entered Level 15 of the Dungeon
 18980 | D:15     | 18980 ||| PLANNING GAUNTLET
 19054 | D:15     | 19054 ||| INVOKING Heroism.
 19191 | D:15     | Found a staircase to the Depths.
 19303 | D:15     | Found a runed translucent gate.
 19304 | D:15     | Found a runed translucent gate.
 19304 | D:15     | Found a runed translucent gate.
 19343 | D:15     | 19343 ||| INVOKING Heroism.
 19356 | D:15     | Reached ****** piety under Okawaru
 19530 | D:15     | 19530 ||| RIP GAUNTLET
 19546 | D:15     | 19546 ||| PLANNING D
 19564 | D:15     | 19564 ||| FLEEEEING.
 19565 | D:15     | 19565 ||| FLEEEEING.
 19566 | D:15     | 19566 ||| FLEEEEING.
 19567 | D:15     | 19567 ||| FLEEEEING.
 19568 | D:15     | 19568 ||| FLEEEEING.
 19569 | D:15     | 19569 ||| FLEEEEING.
 19570 | D:15     | 19570 ||| FLEEEEING.
 19571 | D:15     | 19571 ||| FLEEEEING.
 19572 | D:15     | 19572 ||| FLEEEEING.
 19573 | D:15     | 19573 ||| FLEEEEING.
 19574 | D:15     | 19574 ||| FLEEEEING.
 19575 | D:15     | 19575 ||| FLEEEEING.
 19576 | D:15     | 19576 ||| FLEEEEING.
 19577 | D:15     | 19577 ||| FLEEEEING.
 19578 | D:15     | 19578 ||| FLEEEEING.
 19579 | D:15     | 19579 ||| FLEEEEING.
 19580 | D:15     | 19580 ||| FLEEEEING.
 19581 | D:15     | 19581 ||| FLEEEEING.
 19582 | D:15     | 19582 ||| FLEEEEING.
 19583 | D:15     | 19583 ||| FLEEEEING.
 19584 | D:15     | 19584 ||| FLEEEEING.
 19585 | D:15     | 19585 ||| FLEEEEING.
 19586 | D:15     | 19586 ||| FLEEEEING.
 19587 | D:15     | 19587 ||| FLEEEEING.
 19588 | D:15     | 19588 ||| FLEEEEING.
 19589 | D:15     | 19589 ||| FLEEEEING.
 19590 | D:15     | 19590 ||| FLEEEEING.
 19591 | D:15     | 19591 ||| FLEEEEING.
 19592 | D:15     | 19592 ||| FLEEEEING.
 19593 | D:15     | 19593 ||| FLEEEEING.
 19594 | D:15     | 19594 ||| FLEEEEING.
 19595 | D:15     | 19595 ||| FLEEEEING.
 19596 | D:15     | 19596 ||| FLEEEEING.
 19597 | D:15     | 19597 ||| FLEEEEING.
 19598 | D:15     | 19598 ||| FLEEEEING.
 19599 | D:15     | 19599 ||| FLEEEEING.
 19600 | D:15     | 19600 ||| FLEEEEING.
 19601 | D:15     | 19601 ||| FLEEEEING.
 19602 | D:15     | 19602 ||| FLEEEEING.
 19665 | D:15     | 19665 ||| INVOKING Heroism.
 19795 | D:15     | 19795 ||| INVOKING Heroism.
 19796 | D:15     | Received a gift from Okawaru
 19936 | D:15     | 19936 ||| DROPPING +5 longbow.
 20115 | D:15     | 20115 ||| INVOKING Heroism.
 20221 | D:15     | Identified the ring of Bacuf {rPois rC+++ Str-5 Int-3
                  | Slay+4}
 20306 | D:15     | 20306 ||| DROPPING +1 ring mail of positive energy.
 20307 | D:15     | 20307 ||| PLANNING ORC
 20307 | D:15     | 20307 ||| UPGRADING to ring of Bacuf {rPois rC+++ Str-5
                  | Int-3 Slay+4}.
 20407 | Orc:1    | Entered Level 1 of the Orcish Mines
 20408 | Orc:1    | 20408 ||| INVOKING Heroism.
 20602 | Orc:1    | 20602 ||| Stepping ~*~*~tactically~*~*~ (outnumbered).
 20604 | Orc:1    | 20604 ||| Stepping ~*~*~tactically~*~*~ (outnumbered).
 20607 | Orc:1    | 20607 ||| Stepping ~*~*~tactically~*~*~ (outnumbered).
 20609 | Orc:1    | 20609 ||| Stepping ~*~*~tactically~*~*~ (outnumbered).
 20676 | Orc:2    | Entered Level 2 of the Orcish Mines
 20737 | Orc:2    | 20737 ||| INVOKING Heroism.
 20763 | Orc:1    | Noticed Snorg
 20764 | Orc:1    | 20764 ||| INVOKING Finesse.
 20773 | Orc:1    | Killed Snorg
 20990 | Orc:2    | 20990 ||| INVOKING Heroism.
 20991 | Orc:2    | 20991 ||| INVOKING Finesse.
 20997 | Orc:2    | Received a gift from Okawaru
 21101 | Orc:2    | 21101 ||| INVOKING Heroism.
 21115 | Orc:2    | 21115 ||| Stepping ~*~*~tactically~*~*~ (outnumbered).
 21117 | Orc:2    | 21117 ||| Stepping ~*~*~tactically~*~*~ (outnumbered).
 21312 | Orc:2    | 21312 ||| Stepping ~*~*~tactically~*~*~ (outnumbered).
 21314 | Orc:2    | 21314 ||| INVOKING Heroism.
 21315 | Orc:2    | 21315 ||| Stepping ~*~*~tactically~*~*~ (outnumbered).
 21332 | Orc:2    | Found Qoicana's Antique Armour Shop.
 21341 | Orc:2    | 21341 ||| Stepping ~*~*~tactically~*~*~ (outnumbered).
 21349 | Orc:2    | 21349 ||| INVOKING Heroism.
 21351 | Orc:2    | Reached skill level 15 in Fighting
 21382 | Orc:2    | 21382 ||| FLEEEEING.
 21385 | Orc:2    | 21385 ||| FLEEEEING.
 21386 | Orc:2    | 21386 ||| FLEEEEING.
 21387 | Orc:2    | 21387 ||| FLEEEEING.
 21388 | Orc:2    | 21388 ||| FLEEEEING.
 21389 | Orc:2    | 21389 ||| FLEEEEING.
 21390 | Orc:2    | 21390 ||| FLEEEEING.
 21391 | Orc:2    | 21391 ||| FLEEEEING.
 21392 | Orc:2    | 21392 ||| FLEEEEING.
 21394 | Orc:2    | 21394 ||| FLEEEEING.
 21395 | Orc:2    | 21395 ||| FLEEEEING.
 21396 | Orc:2    | 21396 ||| FLEEEEING.
 21397 | Orc:2    | 21397 ||| FLEEEEING.
 21398 | Orc:2    | 21398 ||| FLEEEEING.
 21399 | Orc:2    | 21399 ||| FLEEEEING.
 21400 | Orc:2    | 21400 ||| FLEEEEING.
 21401 | Orc:2    | 21401 ||| FLEEEEING.
 21402 | Orc:2    | 21402 ||| FLEEEEING.
 21403 | Orc:2    | 21403 ||| FLEEEEING.
 21404 | Orc:2    | 21404 ||| FLEEEEING.
 21405 | Orc:2    | 21405 ||| STAIRDANCE
 21480 | Orc:2    | 21480 ||| INVOKING Heroism.
 21500 | Orc:2    | Found Talyfes's Book Emporium.
 21509 | Orc:2    | Found Ewud Bot's General Store.
 21517 | Orc:2    | Found Teutso's Jewellery Shop.
 21526 | Orc:2    | 21526 ||| BUYING +5 ring of evasion (504 gold).
 21526 | Orc:2    | Bought a +5 ring of evasion for 504 gold pieces
 21526 | Orc:2    | 21526 ||| BUYING amulet of Hard Scrabble {Faith Harm
                  | *Corrode Fly Will++} (805 gold).
 21526 | Orc:2    | Bought the amulet of Hard Scrabble {Faith Harm *Corrode Fly
                  | Will++} for 805 gold pieces
 21526 | Orc:2    | 21526 ||| BUYING amulet of reflection (420 gold).
 21526 | Orc:2    | Bought an amulet of reflection for 420 gold pieces
 21526 | Orc:2    | 21526 ||| BUYING ring of Ebbul {+Blink rF+ rC- Str+4 Dex+6}
                  | (817 gold).
 21526 | Orc:2    | Bought the ring of Ebbul {+Blink rF+ rC- Str+4 Dex+6} for
                  | 817 gold pieces
 21526 | Orc:2    | 21526 ||| SHOPLISTING ring of Xahufuso {rF+ rCorr Dex+2
                  | Slay+4} (770 gold, have 655).
 21575 | Orc:2    | Found a staircase to the Elven Halls.
 21603 | Orc:2    | Found a runed translucent door.
 21603 | Orc:2    | Found a shimmering altar of Xom.
 21603 | Orc:2    | Noticed qw's ghost (adept GrFi)
 21656 | Orc:2    | 21656 ||| DROPPING amulet of regeneration.
 21657 | Orc:2    | 21657 ||| PLANNING SPIDER:1-3
 21657 | Orc:2    | 21657 ||| UPGRADING to +5 ring of evasion.
 21659 | Orc:2    | 21659 ||| DROPPING +4 ring of protection.
 21660 | Orc:2    | 21660 ||| UPGRADING to ring of Ebbul {+Blink rF+ rC- Str+4
                  | Dex+6}.
 21662 | Orc:2    | 21662 ||| DROPPING +4 ring of slaying {mikee}.
 21940 | Spider:1 | Entered Level 1 of the Spider Nest
 21940 | Spider:1 | Identified Roxanne's Incunabulum of the Shapeshifter
 21940 | Spider:1 | Noticed Roxanne
 21941 | Spider:1 | 21941 ||| STAIRDANCE
 22045 | Spider:1 | 22045 ||| INVOKING Heroism.
 22047 | Spider:1 | Noticed Aizul
 22054 | Spider:1 | 22054 ||| Stepping ~*~*~tactically~*~*~ (outnumbered).
 22066 | Spider:1 | HP: 24/108 [redback (11)]
 22067 | Spider:1 | 22067 ||| READING 14 scrolls of teleportation.
 22067 | Spider:1 | Slain by a culicivora

Levels and vault maps discovered:
D:1:      dpeg_arrival_arbitrary_a, layout_loops_ring, basic_ecumenical_altar,
          roderic_serpentine_path, minmay_surrounded
D:2:      layout_rooms
D:3:      layout_basic, minmay_goblin_kobold_house
D:4:      layout_rooms, serial_rivers, chequers_serial_rivers_room_b,
          chequers_serial_rivers_large_a, chequers_serial_rivers_room_a,
          chequers_serial_rivers_micro_a, chequers_serial_rivers_micro_d,
          minivault_24
D:5:      layout_gridville, slow_altar_2, nicolae_wu_jian_glorious_leap,
          nicolae_elyvilon_peaceful_grove, nicolae_yredelemnul_corpse_copse,
          minmay_misc_feat_hallway, minivault_1, minmay_misc_feat_four_crosses
D:6:      layout_loops_corners, minmay_temple_entry_from_below_a, serial_shops,
          nicolae_shop_real_fake_doors
D:7:      layout_rooms, trog_book, worldfamousw_hep_ancestral_shrine,
          nicolae_qazlal_eye_of_the_storm, enter_bailey_2
D:8:      layout_basic, nemelex_diamond_rough_becter, serial_shops, shop,
          small_statue_alley_b, nrook_uturn
D:9:      layout_small_grid, lemuel_tele_altar, mainiacjoe_overflow_alcove_2,
          erik_lair_dragon
D:10:     minmay_the_grid_3x3 [minmay_the_grid_minigrid_medium,
          minmay_the_grid_dragon_b, minmay_the_grid_outer_circle,
          minmay_the_grid_small_cups, minmay_the_grid_broken_lines,
          minmay_the_grid_box_x, minmay_the_grid_tri_star,
          minmay_the_grid_dragon_a, minmay_the_grid_prize_inner_circle],
          layout_basic, mainiacjoe_overflow_24_doors,
          nicolae_uskayaw_murder_on_the_dancefloor,
          mainiacjoe_overflow_six_doors_small
D:11:     layout_roguey, nicolae_nh_vlads_tower, uniq_grum, uniq_erolcha,
          uniq_erica, uniq_urug
D:12:     layout_long_grid, kennysheep_orc_monster_closet_entryway,
          gammafunk_ghost_spectres, corexii_checkpoint_a, argonaut_gorgonesque,
          uniq_psyche
D:13:     hangedman_cross_cluster, layout_rooms, grunt_vaults_entry_fortified,
          uniq_josephine
D:14:     layout_loops_ring, fountainhead, beargit_elvish_explorers
D:15:     grunt_enter_depths_hoard, layout_gridville,
          ploomutoo_gammafunk_ghost_potion_laboratory, gauntlet_entry_generic,
          dk_noncrumbling_2, laboratory
Temple:   nicolae_temple_ecumenical_triangle
Lair:1:   beast_lair_carwin_large_4, layout_regular_city, serial_bayou_pond_d,
          pdpol_lair_neglected_garden
Lair:2:   layout_roguey, skrybe_swamp_entry_bodies,
          nicolae_spider_entry_orb_guardian, basic_altar,
          gammafunk_ghost_abyssal_escape, serial_forest,
          infiniplex_forest_end_double, infiniplex_forest_clump_double,
          infiniplex_forest_clump_C, infiniplex_forest_clump_medium,
          infiniplex_forest_straight_4, infiniplex_forest_straight_5,
          infiniplex_forest_clump_curved, infiniplex_forest_clump_double,
          st_stairs_4, pdpol_lair_cavern_descent
Lair:3:   layout_cave_pods, infiniplex_staircase_pool, lemuel_fruit_fields
Lair:4:   layout_regular_city, uniq_nessos
Lair:5:   minmay_lair_end_frog_pond, layout_regular_city, slime_entry_1,
          serial_forest, infiniplex_forest_clump_small,
          infiniplex_forest_clump_C, infiniplex_forest_clump_medium,
          infiniplex_forest_straight_4, infiniplex_forest_straight_2,
          infiniplex_forest_straight_2, uniq_rupert
Spider:1: nicolae_spider_broodchamber, guppyfry_spider_mini_2, uniq_roxanne,
          uniq_aizul
Orc:1:    layout_caves, uniq_snorg
Orc:2:    st_orc_elflike, layout_caves, ebering_ghost_xom, guppyfry_library_mini

Skill      XL: |  1  2  3  4  5  6  7  8  9 10 11 12 13 14 15 16 |
---------------+-------------------------------------------------+-----
Ranged Weapons | 3 4 5 6 7 9 10 12 13 14 16 18 20 | 20.0
Fighting       | 2 3 4 5 7 8 9 10 11 12 13 15 | 15.4
Armour         | 1 2 3 5 6 7 8 9 11 13 | 13.0
Dodging        | 2 3 4 5 6 7 8 |  8.3
Invocations    | 4 7 10 | 10.0
Spellcasting   | |  1.0
Hexes          | |  2.6

Action                     |  1- 3 |  4- 6 |  7- 9 | 10-12 | 13-15 | 16-18 || total
---------------------------+-------+-------+-------+-------+-------+-------++-------
   Fire: Sling             |   106 |   196 |    68 |       |       |       ||   370
         Orcbow            |       |       |   168 |   474 |       |       ||   642
         Arbalest          |       |       |       |    31 |   112 |       ||   143
         Longbow           |       |       |       |       |   768 |   416 ||  1184
 Invoke: Heroism           |       |       |     3 |    16 |    23 |    14 ||    56
         Finesse           |       |       |       |     4 |     7 |     2 ||    13
    Use: Scroll            |     4 |     6 |     8 |     8 |     3 |     1 ||    30
         Potion            |     2 |     3 |       |       |       |       ||     5
 Armour: Robe              |     4 |       |       |       |       |       ||     4
         Ring mail         |    28 |       |       |       |       |       ||    28
         Quicksilver drago |     3 |    93 |    70 |   238 |   222 |   106 ||   732
  Dodge: Dodged            |    49 |    79 |    82 |   331 |   257 |   231 ||  1029

Table legend:
 A = Non-vault XP
 B = Vault XP
 C = Vault XP percentage of total XP
 D = Non-vault monster count
 E = Vault monster count
 F = Vault count percentage of total count
                 A         B        C        D         E       F
            +---------+---------+-------+---------+---------+-------
      Total |  104098 |   75454 |  42.0 |     464 |     255 |  35.5
            +---------+---------+-------+---------+---------+-------
        D:1 |      24 |       6 |  20.0 |      15 |       3 |  16.7
        D:2 |      21 |       0 |   0.0 |      12 |       0 |   0.0
        D:3 |      94 |      10 |   9.6 |      19 |       5 |  20.8
        D:4 |     133 |       0 |   0.0 |      24 |       0 |   0.0
        D:5 |     523 |     287 |  35.4 |      17 |       7 |  29.2
        D:6 |     664 |       0 |   0.0 |      16 |       0 |   0.0
        D:7 |    1276 |       0 |   0.0 |      15 |       0 |   0.0
        D:8 |     842 |       0 |   0.0 |      12 |       0 |   0.0
        D:9 |    1078 |    1682 |  60.9 |      19 |       7 |  26.9
       D:10 |    2268 |    9928 |  81.4 |      13 |      30 |  69.8
       D:11 |    3169 |    5318 |  62.7 |      24 |      15 |  38.5
       D:12 |    2873 |    5629 |  66.2 |      12 |      30 |  71.4
       D:13 |    5821 |   18238 |  75.8 |       9 |      40 |  81.6
       D:14 |   12941 |       0 |   0.0 |      27 |       0 |   0.0
       D:15 |   18349 |    3835 |  17.3 |      31 |      15 |  32.6
     Lair:1 |    3210 |    1801 |  35.9 |      14 |      16 |  53.3
     Lair:2 |    5165 |    5761 |  52.7 |      19 |      13 |  40.6
     Lair:3 |   13732 |       0 |   0.0 |      38 |       0 |   0.0
     Lair:4 |    9458 |    1032 |   9.8 |      27 |       1 |   3.6
     Lair:5 |   13194 |   11812 |  47.2 |      31 |      38 |  55.1
   Spider:1 |    3147 |       0 |   0.0 |       5 |       0 |   0.0
      Orc:1 |    3067 |     961 |  23.9 |      34 |       1 |   2.9
      Orc:2 |    3049 |    9154 |  75.0 |      31 |      34 |  52.3
            +---------+---------+-------+---------+---------+-------
